 Dungeon Crawl Stone Soup version 0.31-a0-971-g75a2e9a4b4 (webtiles) character file.

Game seed: 4640194005951706421

86 Azuregosa the Sneak (level 4, 0/33 HPs)
             Began as an Octopode Delver on Oct 28, 2023.
             Succumbed to an adder's poison
             ... in a sewer.
             The game lasted 00:03:22 (478 turns).

Azuregosa the Sneak (Octopode Delver)                Turns: 478, Time: 00:03:23

Health: 0/33       AC:  1    Str: 11    XL:     4   Next: 49%
Magic:  4/4        EV: 13    Int: 14    God:
Gold:   0          SH:  0    Dex: 13    Spells: 3/3 levels left

rFire   . . .        a - +0 falchion
rCold   . . .        (no shield)
rNeg    . . .        (helmet restricted)
rPois   .            (no amulet)
rElec   .            (no ring)
rCorr   .            (no ring)
SInv    .            (no ring)
Will    .....        (no ring)
Stlth   +++++        (no ring)
HPRegen 0.25/turn    (no ring)
MPRegen 0.09/turn    (no ring)
                     (no ring)

%: no passive effects
@: lethally poisoned (0 -> -4)
A: almost no armour, amphibious, 8 rings, camouflage 1, gelatinous body 1,
nimble swimmer 1, tentacles
a: no special abilities


You were in a sewer.
You visited 1 branch of the dungeon, and saw 1 of its levels.
You also visited: Sewer.

Inventory:

Hand Weapons
 a - a +0 falchion (weapon)
Missiles
 c - 3 stones
Wands
 f - a wand of digging (2)
Scrolls
 b - a scroll of fog
 g - a scroll of acquirement {unknown}
Potions
 e - a potion of haste


   Skills:
 + Level 4.2 Fighting
 + Level 3.5 Long Blades
 - Level 2.0 Dodging
 - Level 6.6 Stealth


You had 3 spell levels left.
You didn't know any spells.
Your spell library was empty.

Dungeon Overview and Level Annotations

Branches:
Dungeon (5/15)              Sewer (1/1)
 Temple: D:4-7

Altars:


Innate Abilities, Weirdness & Mutations

You cannot wear most types of armour.
You are amphibious.
You can wear up to eight rings at the same time.
Your skin changes colour to match your surroundings (Stealth+).
Your rubbery body absorbs attacks. (AC +1, EV +1)
You are camouflaged when in or above water. (Stealth+)
You have tentacles for arms and can constrict up to eight enemies at once.


Message History

You are more poisoned.
The adder poisons you! The adder barely misses you.
You hit the adder.
You kill the adder!
You feel very sick. The adder bites you.
You hit the adder. You grab the adder.
The adder is heavily wounded.
You constrict the adder, but do no damage.
You feel very sick. The adder misses you. The adder closely misses you.
You hit the adder.
You squeeze the adder, but do no damage.
The adder is heavily wounded.
You constrict the adder.
You feel sick. The ball python closely misses you.
The ball python barely misses you. The adder misses you.
The ball python bites you but does no damage.
The ball python barely misses you. The adder closely misses you.
You hit the adder.
The adder is severely wounded.
You constrict the adder.
You feel sick. The ball python barely misses you. x2
The adder bites you.
* * * LOW HITPOINT WARNING * * *
You are lethally poisoned!
The adder poisons you!
You barely miss the adder.
The adder is almost dead.
You constrict the adder.
You kill the adder!
* * * LOW HITPOINT WARNING * * *
You feel very sick. The ball python bites you.
* * * LOW HITPOINT WARNING * * *
The ball python misses you.
Okay, then.
You slash the ball python!
You kill the ball python!
* * * LOW HITPOINT WARNING * * *
You feel sick.
You die...

... ~≈≈≈≈≈≈≈~...
...##~≈≈≈≈≈~....#
....#~≈≈≈≈≈≈~...#
.....~≈≈≈≈≈~~...#
....~~≈≈≈≈≈≈.....
#....J≈≈≈≈≈~~...r
#....r≈†≈≈≈~.....
##....r≈@≈≈~......
#...#.~≈≈≈~.......
##.S.##~.≈≈~.......
#...###.~~≈~~.....#
#...##...~~~......####
#......~~≈~.....###∩#
##......~~~.....###.#
#.....~~≈~......#..#
#......~~~........##


You could see an endoplasm and 2 rats.

Vanquished Creatures
  4 adders (Sewer)
  4 river rats (Sewer)
  4 ball pythons (Sewer)
  A frilled lizard (Sewer)
  3 kobolds (Sewer)
  8 rats (Sewer)
24 creatures vanquished.

Notes
Turn   | Place    | Note
-------+----------+-------------------------------------------
     0 | D:5      | Azuregosa the Octopode Delver began the quest for the Orb.
     0 | D:5      | Reached XP level 1. HP: 16/16 MP: 1/1
    19 | D:5      | Found a glowing drain.
    23 | Sewer    | Entered a sewer
    45 | Sewer    | Reached XP level 2. HP: 21/21 MP: 2/2
   187 | Sewer    | HP: 1/21 [poisoned by an adder]
   188 | Sewer    | Reached XP level 3. HP: 2/27 MP: 3/3
   367 | Sewer    | Reached XP level 4. HP: 15/33 MP: 4/4
   477 | Sewer    | HP: 1/33 [poisoned by an adder]
   478 | Sewer    | Succumbed to an adder's poison

Illustrated notes

Levels and vault maps discovered:
D:5:      layout_basic, kiku_gazebo_pond_becter, gup_sewer_entry_bowl,
          dreamdust_mushroom_princess, nicolae_eternal_life
Sewer:    sewer_minmay_treatment

Skill      XL: |  1  2  3 |
---------------+----------+-----
Long Blades    | 3 |  3.5
Fighting       | 4 |  4.2
Dodging        | |  2.0
Stealth        | |  6.6

Action                     |  1- 3 |  4- 6 || total
---------------------------+-------+-------++-------
  Melee: Falchion          |    32 |    11 ||    43
         Tentacles         |     7 |     3 ||    10
         Constrict         |     7 |     3 ||    10
  Throw: Stone             |     1 |     1 ||     2
  Evoke: Wand              |     1 |       ||     1
    Use: Scroll            |     2 |       ||     2
   Stab: Sleeping          |     3 |       ||     3
 Armour: Skin              |    18 |     8 ||    26
  Dodge: Dodged            |    26 |    14 ||    40

Table legend: (Time is in decaauts)
 A = Elapsed time spent in this place.
 B = Non-inter-level travel time spent in this place.
 C = Inter-level travel time spent in this place.
 D = Time resting spent in this place.
 E = Time spent auto-exploring this place.
 F = Levels seen in this place.
 G = Mean time per level.
                   A        B        C        D        E       F      G
               +--------+--------+--------+--------+--------+-----+--------+
         Total |    484 |    484 |      0 |    129 |     81 |   2 |  242.0 |
       Dungeon |     23 |     23 |      0 |      0 |      0 |   1 |   23.0 |
         Sewer |    461 |    461 |      0 |    129 |     81 |   1 |  461.0 |
               +--------+--------+--------+--------+--------+-----+--------+

Top non-repeatable levels by time:
   Sewer: 461 daAuts
     D:5: 23 daAuts
